Croesus, chaotic male elven Ranger --- ------ --..----------------- ---.|..--- |..........d@.......- ---........--- |.......----------- |............| ---.......|..-- --.....--.....- --.........<| |......---.....| ---.....[)...| --.---...|---.-- |............| -- ---.--- -- -.|.--..--..-| ------ |...| -- ------..#-------..|.-- ---.-- ---...--.|......| --...-- --)(..........| |.....--- |.|.......^..-----.......| ------ ----.--........|.........| --..|.-- -----.................| |......--- |..........`......| --........----------.%..............| |................%............|.--.-- -------.--------------------.---- -- --- --- Croesus the Tenderfoot Experience level: 1 Strength: 17 Dexterity: 11 Constitution: 14 Intelligence: 13 Wisdom: 14 Charisma: 7 Health: 0(13) Energy: 5(5) Def: 14 Gold: 426 Moves: 2404 Dungeon seed: xmZhF1QoCbsrBUl4 Game ID: Croesus_1605608766 Your Inventory: Weapons d - an uncursed +1 elven dagger (alternate weapon; not wielded) e - an uncursed +1 elven bow g - an uncursed +0 orcish dagger h - a cursed poisoned -1 dart s - 15 uncursed +0 daggers u - 23 uncursed +0 crossbow bolts A - 15 uncursed +0 arrows G - 3 blessed +1 arrows of frost L - 55 uncursed +2 elven arrows N - 39 uncursed +0 elven arrows (in quiver) Armor b - an uncursed +2 elven cloak (being worn) n - a cursed -1 pair of high boots q - an uncursed +0 orcish helm r - an uncursed +0 orcish helm (being worn) y - an uncursed +0 dwarvish cloak z - an uncursed +0 pair of iron shoes M - an uncursed +0 dwarvish roundshield (being worn) O - an uncursed +0 dwarvish iron helm R - a blessed +0 plate mail (being worn) Comestibles f - 5 uncursed lembas wafers i - an uncursed fortune cookie l - 4 uncursed food rations m - 2 uncursed lichen corpses H - an uncursed pear Scrolls v - 2 uncursed scrolls of teleportation P - a blessed scroll of genocide Potions j - an uncursed potion of speed Wands E - an uncursed wand of speed monster (0:2) Tools o - an uncursed towel t - 2 cursed tallow candles (0:200) w - an uncursed magic whistle x - an uncursed +0 pick-axe (weapon in hand) B - 17 uncursed tallow candles (0:200) D - 9 blessed tallow candles (0:200) I - a blessed wax candle (0:400) Gems C - an uncursed aquamarine stone F - 2 uncursed worthless pieces of orange glass J - an uncursed worthless piece of black glass K - 3 uncursed worthless pieces of red glass Q - an uncursed worthless piece of yellowish brown glass Y - 2 uncursed worthless pieces of blue glass Coins $ - 426 gold pieces Spells and supernatural/magical abilities: Name Level Category Cost Memory W - pray for help -- divine ? -- Your skills at the end: Fighting Skills wands [Basic] Weapon Skills dagger [Basic] bow [Basic] Spellcasting Skills Final Attributes: You were piously aligned. You were immune to sleep. You saw invisible. You had automatic searching. You had infravision. You were stealthy. Mars was noncommittal. You are dead. Vanquished creatures: 3 gnome kings 4 gnome lords a gnomish wizard 8 dwarves a dwarf zombie a werejackal an iguana 2 acid blobs a coyote a hobbit 3 giant rats 2 brown molds 2 yellow molds a red mold 22 gnomes 4 garter snakes 5 gnome zombies a gecko 6 jackals 2 kobolds 5 goblins 5 grid bugs 8 bats 4 lichens a kobold zombie 5 newts 99 creatures vanquished. Voluntary challenges: You were an atheist. You used a wielded weapon 2 times, starting on turn 586. You were illiterate. You never genocided any monsters. You never polymorphed an object. You never changed form. You used no wishes. You never split a pudding. You never wrote Elbereth's name. You never violated your personal moral code. Dungeon overview: The Dungeons of Doom: levels 1 to 4 Level 1 a fountain, a vault a long staircase Level 2 a fountain Level 3 a sink stairs to The Gnomish Mines Level 4 a fountain The Gnomish Mines: levels 4 to 6 Level 4 stairs to The Dungeons of Doom Level 5 Level 6 <- You were here History has recorded: On T:1 you entered the Dungeons of Doom to retrieve the Amulet of Yendor! On T:445 you reached level 2 of The Dungeons of Doom. On T:616 you reached level 3 of The Dungeons of Doom. On T:1220 you reached level 1 of The Gnomish Mines. On T:1320 you reached level 4 of The Dungeons of Doom. On T:1719 you reached level 2 of The Gnomish Mines. On T:1933 you reached level 3 of The Gnomish Mines. Score breakdown: Gold: 426 ( 8947 points) Experience: 1 level ( 0 points) Exploration: 6 levels ( 11.76%) ( 9486 points) Discoveries: 3 items ( 1.02%) ( 3025 points) Valuables value: (no points given unless you survive) Artifact value: 0 ( 0 points) Variety of kills: 26 monsters ( 6.84%) ( 7847 points) Turncount: 2404 turns ( -272 points) Survival: died (score multiplied by 80%) Total score: 23226 Latest messages: [2 turns] You hear some noises in the distance. [2 turns] You hear some noises in the distance. [2 turns] (2x) You hear some noises in the distance. [2 turns] (2x) Sirius drops a pair of hard shoes. [2 turns] (4x) You hear some noises in the distance. [2 turns] You hear some noises in the distance. [2 turns] You produce a strange whistling sound. You hear some noises in the distance. [2 turns] Sirius turns into an instrument of undead... You hear some noises in the distance. [2 turns] You hear some noises in the distance. The enslaved Sirius bites! [2 turns] You don't have enough stamina to move. The enslaved Sirius bites! (2x) You die... Final status: Goodbye Croesus the Ranger, killed by a large dog called "Sirius"... You died in The Gnomish Mines on dungeon level 6 with 23226 points, and 426 pieces of gold, after 2404 moves. You were level 1 with a maximum of 13 hit points when you died.